 Dungeon Crawl Stone Soup version 0.31.0-32-g396128a36d (webtiles) character file.

Game seed: 6513447241727746688

4266 Silvore the Basher (level 10, -1/86 (90) HPs)
             Began as a Minotaur Fighter on Apr 7, 2024.
             Was a Priest of Zin.
             Slain by a wight
             ... wielding a +4 falchion of freezing
              (2 damage)
             ... on level 8 of the Dungeon.
             The game lasted 00:09:38 (7047 turns).

Silvore the Basher (Minotaur Fighter)               Turns: 7047, Time: 00:09:39

HP:   -1/86 (90)    AC: 18    Str: 26    XL:     10   Next: 10%
MP:   0/9           EV:  5    Int:  5    God:    Zin [***...]
Gold: 255           SH:  5    Dex:  9    Spells: 9/9 levels left

rFire   . . .        w - +6 morningstar (holy)
rCold   . . .        c - +0 buckler
rNeg    + . .        o - +0 plate armour
rPois   .            (helmet restricted)
rElec   .            i - +0 cloak
rCorr   .            v - +0 pair of gloves
SInv    .            j - +0 pair of boots
Will    .....        f - amulet of guardian spirit Stlth
                     k - ring of positive energy
HPRegen 0.34/turn    (no ring)
MPRegen 0.11/turn

%: guardian spirit
@: slowed, constricted, lightly drained, very slow
A: horns 2, retaliatory headbutt
a: Renounce Religion, Recite, Vitalisation, Imprison, Donate Gold


You were on level 8 of the Dungeon.
You worshipped Zin.
Zin was most pleased with you.
You visited 2 branches of the dungeon, and saw 9 of its levels.

You collected 435 gold pieces.
You donated 180 gold pieces to Zin.

Inventory:

Hand Weapons
 w - a +6 morningstar of holy wrath (weapon)
Missiles
 q - a throwing net (quivered)
Armour
 c - a +0 buckler (worn)
 i - a +0 cloak (worn)
 j - a +0 pair of boots (worn)
 o - a +0 plate armour (worn)
 v - a +0 pair of gloves (worn)
Jewellery
 f - an amulet of guardian spirit (around neck)
 k - a ring of positive energy (left hand)
Wands
 a - a wand of acid (7)
Scrolls
 b - a scroll of summoning
 m - 2 scrolls of teleportation
 s - 2 scrolls of immolation
Potions
 d - a potion of might
 e - 3 potions of curing
 g - 2 potions of magic
 h - a potion of lignification
 n - a potion of enlightenment
 p - a potion of invisibility
 r - a potion of heal wounds
 t - a potion of ambrosia
 u - 3 potions of brilliance


   Skills:
 + Level 8.7 Fighting
 + Level 11.1 Maces & Flails
 + Level 9.2 Armour
 + Level 2.7 Dodging
 + Level 0.8 Stealth
 + Level 7.6 Shields


You had 9 spell levels left.
You didn't know any spells.
Your spell library contained the following spells:

 Spells                   Type           Power      Damage    Failure   Level
 Magic Dart               Conj           0%         1d3       99%         1
 Blink                    Tloc           0%         N/A       100%        2
 Call Imp                 Summ           0%         N/A       100%        2
 Cigotuvi's Dreadful Rot  Necr/Alch/Air  0%         N/A       100%        2
 Lesser Beckoning         Tloc           0%         N/A       100%        2
 Momentum Strike          Conj/Tloc      0%         3d8       100%        2
 Gell's Gravitas          Tloc           0%         N/A       100%        3
 Inner Flame              Hex/Fire       0%         N/A       100%        3
 Stone Arrow              Conj/Erth      0%         3d7       100%        3
 Teleport Other           Tloc           0%         N/A       100%        3
 Animate Armour           Summ/Erth      0%         N/A       100%        4
 Brom's Barrelling Bould  Conj/Erth      0%         2d3       100%        4
 Flame Wave               Conj/Fire      0%         2d4       100%        4
 Ignite Poison            Fire/Alch      0%         N/A       100%        4
 Sticky Flame             Fire/Alch      0%         2d4       100%        4
 Fireball                 Conj/Fire      0%         3d3       100%        5
 Freezing Cloud           Conj/Ice/Air   0%         6-21      100%        5
 Iskenderun's Battlesphe  Conj           0%         2d6       100%        5
 Conjure Ball Lightning   Conj/Air       0%         3x3d6     100%        6
 Orb of Destruction       Conj           0%         9d5       100%        7
 Lehudib's Crystal Spear  Conj/Erth      0%         10d2      100%        8


Dungeon Overview and Level Annotations

Branches:
Dungeon (8/15)             Temple (1/1) D:6
   Lair: D:8-11

Altars:
Ashenzari
Cheibriados
Dithmenos
Elyvilon
Fedhas
Gozag
Hepliaklqana
Kikubaaqudgha
Makhleb
Nemelex Xobeh
Okawaru
Qazlal
Ru
Sif Muna
Trog
Uskayaw
Vehumet
Wu Jian
Xom
Yredelemnul
Zin
The Shining One

Annotations:
D:8 Erica


Innate Abilities, Weirdness & Mutations

You have a pair of horns on your head.
You reflexively headbutt those who attack you in melee.


Message History

You are constricted.
* * * LOW HITPOINT WARNING * * *
You puncture the orc warrior!
You kill the orc warrior!
Something hits you!
* * * LOW HITPOINT WARNING * * *
Something burns you.
* * * LOW HITPOINT WARNING * * *
You are constricted.
* * * LOW HITPOINT WARNING * * *
You feel much better.
You hear some strange, mumbled words.
You feel yourself slow down.
You are constricted.
You sock the wight!
The wight convulses.
The wight is almost destroyed.
The wight barely misses you.
The wight hits you with a +4 falchion of freezing.
You partially resist.
You feel drained. The wight freezes you.
The orc throws a boomerang.
The boomerang hits you but does no damage.
You hear some strange, mumbled words.
You feel as though you will be slow longer.
You are constricted.
The wight hits you but does no damage. x2
You puncture the wight!
The wight convulses.
Your headbutt misses the wight.
The wight is severely damaged.
Something hits you!
* * * LOW HITPOINT WARNING * * *
Something burns you.
* * * LOW HITPOINT WARNING * * *
You are constricted.
* * * LOW HITPOINT WARNING * * *
The wight hits you with a +0 scimitar!
* * * LOW HITPOINT WARNING * * *
You partially resist.
You feel drained.
The wight hits you with a +4 falchion of freezing!
* * * LOW HITPOINT WARNING * * *
You partially resist.
You feel drained.
* * * LOW HITPOINT WARNING * * *
The wight freezes you.
You die...

#...........# #.......#....
#.........).####............
##...........##........>
##........#..#.........
##########............
##zo....z.... ##.o....##...
##{z###### . #@z##
./.....z## ........#
........# ........#
........# ........#
.......##


You could see 4 wights and 2 orcs.

Vanquished Creatures
  Grinder (D:4)
  A steam dragon (D:7)
  Menkaure (D:4)
  6 ice beasts
  4 black bears
  2 orc warriors
  2 ogres (D:4)
  2 sky beasts
  A centaur (D:8)
  3 phantoms
  A kobold brigand (D:7)
  A bullfrog (D:5)
  A gnoll sergeant (D:7)
  9 scorpions
  A wight (D:8)
  6 howler monkeys
  2 electric eels (D:6)
  4 crimson imps (D:7)
  A bombardier beetle (D:5)
  9 hounds
  4 jellies
  4 iguanas
  A sleepcap (D:6)
  3 orc wizards
  Robin (D:2)
  5 gnolls (D:7)
  7 adders
  A shadow imp (D:5)
  A white imp (D:5)
  3 ufetubi (D:5)
  An adder skeleton (D:2)
  A dart slug (D:5)
  23 orcs
  3 endoplasms
  2 giant cockroaches
  12 goblins
  5 hobgoblins
  4 jackals (D:4)
  11 kobolds
  3 quokkas
  4 ball pythons
  A ball python skeleton (D:2)
  A ball python zombie (D:2)
  3 bats
  4 frilled lizards
  5 rats
171 creatures vanquished.

Notes
Turn   | Place    | Note
-------+----------+-------------------------------------------
     0 | D:1      | Silvore the Minotaur Fighter began the quest for the Orb.
     0 | D:1      | Reached XP level 1. HP: 19/19 MP: 0/0
   455 | D:1      | Reached XP level 2. HP: 27/27 MP: 1/1
  1108 | D:2      | Noticed Robin
  1119 | D:2      | Reached skill level 3 in Maces & Flails
  1119 | D:2      | Reached XP level 3. HP: 33/33 MP: 2/2
  1132 | D:2      | Killed Robin
  1557 | D:2      | Reached XP level 4. HP: 40/40 MP: 3/3
  1833 | D:3      | Found a snail-covered altar of Cheibriados.
  1837 | D:3      | Found a burning altar of Makhleb.
  1935 | D:3      | Found a shimmering blue altar of Sif Muna.
  2020 | D:3      | Found a shadowy altar of Dithmenos.
  2207 | D:4      | Noticed Grinder
  2212 | D:4      | Paralysed by Grinder for 4 turns
  2220 | D:4      | Killed Grinder
  2221 | D:4      | Reached skill level 4 in Maces & Flails
  2221 | D:4      | Reached skill level 5 in Armour
  2221 | D:4      | Reached skill level 1 in Dodging
  2221 | D:4      | Reached XP level 5. HP: 13/47 MP: 1/4
  2221 | D:4      | Reached XP level 6. HP: 15/53 MP: 1/5
  2345 | D:4      | Reached skill level 5 in Maces & Flails
  2453 | D:4      | Reached skill level 5 in Fighting
  2453 | D:4      | Reached skill level 5 in Shields
  2482 | D:4      | Noticed a sky beast
  2492 | D:4      | Killed a sky beast
  2493 | D:4      | Reached XP level 7. HP: 61/61 MP: 6/6
  2591 | D:4      | Reached skill level 6 in Maces & Flails
  3131 | D:4      | Noticed Menkaure
  3138 | D:4      | Killed Menkaure
  3294 | D:4      | Reached XP level 8. HP: 49/70 MP: 4/7
  3395 | D:4      | Reached skill level 7 in Maces & Flails
  3759 | D:5      | Entered Level 5 of the Dungeon
  4364 | D:5      | Reached skill level 8 in Maces & Flails
  4814 | D:5      | Reached skill level 9 in Maces & Flails
  4815 | D:5      | Reached XP level 9. HP: 78/78 MP: 8/8
  5357 | D:6      | Identified a scroll of acquirement
  5357 | D:6      | Acquired a +5 morningstar of holy wrath
  5513 | D:6      | Found a staircase to the Ecumenical Temple.
  5522 | Temple   | Entered the Ecumenical Temple
  5529 | Temple   | Became a worshipper of Zin the Law-Giver
  5529 | Temple   | Reached * piety under Zin
  5533 | Temple   | Donated 137 gold pieces to Zin
  5554 | D:6      | Reached skill level 10 in Maces & Flails
  5577 | D:6      | Reached ** piety under Zin
  6130 | D:7      | Found a shimmering altar of Xom.
  6751 | D:7      | Identified the +2 war axe of Gegos {antimagic, *Corrode rN+
                  | Int+3 Dex+3}
  6875 | D:8      | Reached *** piety under Zin
  6932 | D:8      | Reached XP level 10. HP: 85/90 MP: 5/9
  7017 | D:8      | Reached skill level 11 in Maces & Flails
  7025 | D:8      | Noticed Erica
  7047 | D:8      | HP: 2/87 [wight/+4 falchion of freezing (7)]
  7047 | D:8      | Slain by a wight

Illustrated notes

Levels and vault maps discovered:
D:1:      dpeg_arrival_lava_temple_mockup, layout_loops_corners,
          minmay_misc_feat_encased
D:2:      layout_basic, serial_undead, serial_undead_c, serial_undead_f,
          serial_undead_e, serial_undead_b, uniq_robin
D:3:      layout_rooms, mainiacjoe_overflow_cross_hatched,
          nicolae_dithmenos_the_darkroom, grunt_temple_overflow_open,
          serial_bayou_pond_c
D:4:      layout_basic, uniq_grinder, uniq_menkaure
D:5:      minmay_razor_zed, layout_basic, kennysheep_minor_cross,
          wad_rectangle_vault
D:6:      layout_cave_pools, minmay_temple_entry_waves, serial_bayou,
          serial_bayou_pond_e, serial_bayou_crossing, serial_bayou_shore_b,
          serial_bayou_pond_c, lightli_corner_chamber
D:7:      layout_loops_ring, led_xom_imps, chequers_serial_rivers_room_b,
          amethyst_killhole, serial_park_tiny_pond
D:8:      layout_cave_pods, enter_bailey_5, uniq_erica
Temple:   sentei_temple_godly_chess

Skill      XL: |  1  2  3  4  5  6  7  8  9 10 |
---------------+-------------------------------+-----
Shields        | 4 5 6 7 |  7.6
Fighting       | 4 5 6 8 |  8.7
Armour         | 4 5 6 8 9 |  9.2
Maces & Flails | 3 4 5 6 9 10 11 | 11.1
Dodging        | 1 2 |  2.7
Stealth        | |  0.8

Action                     |  1- 3 |  4- 6 |  7- 9 | 10-12 || total
---------------------------+-------+-------+-------+-------++-------
  Melee: Flail             |    70 |    74 |   210 |       ||   354
         Headbutt          |     7 |    14 |    47 |     1 ||    69
         Morningstar       |       |       |    95 |    19 ||   114
 Invoke: Donate Gold       |       |       |     1 |       ||     1
    Use: Scroll            |     3 |     5 |     8 |       ||    16
         Potion            |       |       |       |     2 ||     2
 Armour: Scale mail        |    64 |    75 |     6 |       ||   145
         Plate armour      |       |       |   265 |    37 ||   302
  Dodge: Dodged            |    31 |    29 |   124 |    11 ||   195
  Block: Buckler           |    15 |    23 |    68 |     8 ||   114
